AoeStats
← shehrum2014

Arena

508720648Analyzed
4v4 RM · 8d ago on Sep 23, 2026· 44m 40s· 8 players
Game mode
Random Map
Map size
Large (8 player)
Population
200
Speed
Normal
Resources
Standard
Victory
Conquest
Starting age
Dark Age
Ending age
Imperial Age
RankedLock teamsTeams togetherTeam positionsShared explorationLock speedFull tech treeHidden civsTurbo modeCheats
Victory
Defeat
🇵🇰 Spanish · Pakistan
1338
+12
🇧🇩 Dravidians · Bangladesh
1202
+18
🇬🇪 Bengalis · Georgia
1186
+18
🇨🇭 Danes · Switzerland
1163
+19
🇺🇸 Danes · United States
1294
-19
🇨🇦 Bengalis · Canada
1261
-18
🇨🇴 Britons · Colombia
1206
-15
🇵🇱 Mongols · Poland
1198
-15
Elfelo
10:40 Feudal Age
14:43 Castle Age
13:21 Double-Bit Axe
19:31 Bow Saw
21:04 Horse Collar
23:07 Gold Mining
24:51 Stone Mining
25:37 Wheelbarrow
26:19 Caravan
26:26 Fletching
26:36 Padded Archer Armor
28:01 Gold Shaft Mining
27:26 Bodkin Arrow
27:20 Loom
30:23 Imperial Age
28:09 Hand Cart
27:40 Town Watch
28:10 Pikeman
28:51 Squires
28:36 Gambesons
29:45 Leather Archer Armor
29:31 Town Patrol
29:51 Heavy Plow
31:31 Conscription
31:23 Onager
32:23 Fortified Wall
32:23 Masonry
32:41 Ballistics
33:32 Two-Man Saw
33:28 Bracer
33:41 Forging
33:31 Scale Mail Armor
34:47 Chemistry
34:52 Yeomen
35:05 Ring Archer Armor
34:59 Fortified Wall
35:00 Masonry
37:19 Iron Casting
36:44 Scale Mail Armor
36:30 Halberdier
39:26 Siege Engineers
39:51 Architecture
39:25 Elite Longbowman
mijalskid
10:19 Feudal Age
14:03 Castle Age
12:48 Double-Bit Axe
13:37 Horse Collar
15:02 Fletching
16:18 Loom
28:19 Bow Saw
32:11 Imperial Age
Mandingo
10:54 Feudal Age
14:45 Castle Age
13:29 Double-Bit Axe
13:33 Horse Collar
15:46 Wheelbarrow
15:50 Bow Saw
16:16 Heavy Plow
19:39 Gold Mining
22:23 Gold Shaft Mining
23:16 Loom
24:44 Fletching
25:00 Scale Barding Armor
27:37 Imperial Age
25:34 Bodkin Arrow
25:39 Padded Archer Armor
26:48 Chain Barding Armor
28:02 Ballistics
28:10 Leather Archer Armor
28:11 Bloodlines
28:02 Husbandry
27:40 Elite Elephant Archer
29:24 Chemistry
29:07 Bracer
29:43 Plate Barding Armor
30:51 Conscription
31:30 Ring Archer Armor
34:02 Two-Man Saw
33:53 Hand Cart
35:51 Crop Rotation
37:43 Murder Holes
Jazzmushroom
10:21 Feudal Age
14:51 Castle Age
12:42 Double-Bit Axe
12:45 Horse Collar
19:06 Wheelbarrow
18:44 Bow Saw
18:36 Heavy Plow
18:44 Gold Mining
22:04 Stone Mining
22:55 Gold Shaft Mining
24:46 Hand Cart
24:18 Town Watch
24:22 Loom
26:00 Forging
25:51 Scale Mail Armor
27:21 Squires
27:07 Arson
27:08 Gambesons
29:59 Imperial Age
29:22 Iron Casting
29:03 Chain Mail Armor
30:05 Onager
30:15 Elite Varangian Guard
31:41 Siege Engineers
32:53 Chemistry
32:35 Siege Onager
33:41 Conscription
32:44 Northmen's Fury
33:45 Conscription
36:40 Caravan
42:31 Coinage
43:00 Masonry
43:24 Plate Mail Armor
43:55 Blast Furnace
Baron279
11:22 Feudal Age
11:40 Loom
13:15 Horse Collar
13:23 Double-Bit Axe
16:24 Castle Age
18:11 Wheelbarrow
18:01 Bow Saw
20:15 Heavy Plow
24:15 Gold Mining
26:32 Gold Shaft Mining
25:48 Stone Mining
27:08 Hand Cart
27:37 Stone Shaft Mining
28:01 Town Watch
31:21 Imperial Age
29:15 Scale Mail Armor
29:27 Forging
29:53 Town Patrol
30:21 Chain Mail Armor
31:12 Iron Casting
30:39 Padded Archer Armor
30:30 Fletching
31:18 Pikeman
31:58 Squires
32:48 Plate Mail Armor
33:19 Blast Furnace
33:33 Chemistry
32:45 Masonry
33:14 Conscription
32:20 Hamask
32:23 Elite Jomsviking
32:34 Elite Varangian Guard
32:59 Arson
32:35 Halberdier
34:27 Capped Ram
34:29 Onager
36:09 Siege Engineers
35:32 Siege Ram
36:58 Siege Onager
38:51 Northmen's Fury
Ebrin
10:42 Feudal Age
11:59 Double-Bit Axe
14:37 Castle Age
12:38 Horse Collar
17:52 Bow Saw
18:40 Fervor
18:58 Heavy Plow
19:47 Sanctity
19:13 Light Cavalry
23:23 Wheelbarrow
24:29 Loom
25:00 Hand Cart
24:30 Town Watch
26:38 Stone Mining
26:39 Gold Mining
29:31 Imperial Age
27:30 Husbandry
28:00 Devotion
28:13 Fletching
28:24 Padded Archer Armor
28:47 Ballistics
28:38 Masonry
29:41 Bloodlines
29:27 Bodkin Arrow
30:03 Leather Archer Armor
31:19 Gold Shaft Mining
30:47 Bracer
32:11 Chemistry
31:32 Block Printing
32:50 Elite Elephant Archer
34:02 Ring Archer Armor
34:57 Conscription
36:43 Mahayana
36:38 Siege Elephant
37:34 Siege Engineers
38:27 Elite Skirmisher
39:31 Scale Barding Armor
39:36 Forging
40:24 Paiks
40:20 Herbal Medicine
41:51 Two-Man Saw
41:48 Chain Barding Armor
42:03 Iron Casting
42:00 Architecture
43:54 Plate Barding Armor
43:51 Careening
43:43 Murder Holes
J. C. Maxwell
11:25 Feudal Age
13:12 Horse Collar
15:36 Castle Age
13:33 Double-Bit Axe
14:10 Gold Mining
16:46 Bow Saw
16:38 Heavy Plow
21:17 Wheelbarrow
22:21 Hand Cart
22:45 Loom
27:27 Imperial Age
25:12 Fletching
26:07 Ballistics
25:49 Padded Archer Armor
26:12 Husbandry
26:26 Bodkin Arrow
27:26 Leather Archer Armor
27:20 Thumb Ring
27:52 Town Watch
29:14 Chemistry
27:42 Elite Elephant Archer
29:15 Bracer
30:42 Ring Archer Armor
31:54 Two-Man Saw
32:56 Stone Mining
32:49 Light Cavalry
33:43 Scale Barding Armor
33:48 Forging
35:39 Chain Barding Armor
35:55 Iron Casting
36:52 Fortified Wall
37:09 Murder Holes
37:39 Conscription
38:00 Wootz Steel
39:10 Blast Furnace
38:57 Masonry
40:54 Bombard Tower
42:36 Guard Tower
43:40 Onager
shehrum2014
10:01 Feudal Age
14:12 Castle Age
12:56 Double-Bit Axe
14:08 Loom
22:19 Horse Collar
26:08 Imperial Age
26:54 Wheelbarrow
27:50 Padded Archer Armor
30:05 Elite Conquistador
32:24 Leather Archer Armor
33:59 Bow Saw
34:26 Fletching
39:01 Bodkin Arrow
42:42 Hand Cart
Connection lost

Rejoining the realm…

Still unreachable

The connection could not be restored.

Session expired

The server has moved on; the page needs a fresh start.